 Dungeon Crawl Stone Soup version 0.31-a0-1206-g41278d8d1d (webtiles) character file.

Game seed: 16905774771682009464

1792 Firecrotchwizard the Grappler (level 9, -6/64 (68) HPs)
             Began as a Merfolk Shapeshifter on Dec 14, 2023.
             Was a Believer of Jiyva.
             Mangled by Joseph the blink frog (8 damage)
             ... on level 6 of the Dungeon.
             The game lasted 00:16:28 (5392 turns).

Firecrotchwizard the Grappler (MfSh)                Turns: 5392, Time: 00:16:29

HP:   -6/64 (68)    AC:  7    Str: 23 (24) XL:     9   Next: 9%
MP:   5/9           EV: 14    Int:  8 (9)  God:    Jiyva [**....]
Gold: 345           SH:  5    Dex: 14      Spells: 8/8 levels left

rFire   . .          .
                       - Unarmed
rCold   . . .        (no shield)
rNeg    . . .        B - +2 ring mail {rPois}
rPois   +            (helmet currently unavailable)
rElec   .            (cloak currently unavailable)
rCorr   +            (gloves currently unavailable)
SInv    .            (boots currently unavailable)
Will    .....        A - amulet of reflection
Stlth   +            G - +6 ring of strength
HPRegen 1.26/turn    (no ring)
MPRegen 0.41/turn

%: reflection
@: beast-form, drained
A: beast (slay +4), (nimble swimmer 2), mertail
a: Begin Untransformation, Renounce Religion


You were on level 6 of the Dungeon.
You worshipped Jiyva.
Jiyva was pleased with you.
You were a hulking beast.
You visited 1 branch of the dungeon, and saw 7 of its levels.
You also visited: Sewer.

You collected 345 gold pieces.

Inventory:

Hand Weapons
 s - a +1 dagger of venom
 C - the +3 sling of Exquisite Death {heavy, rPois rC- rN+}
   (You found it on level 3 of the Dungeon)

   rC-:       It makes you vulnerable to cold.
   rPois:     It protects you from poison rN+: It protects you from negative
   energy.
Missiles
 y - 9 poisoned darts
Armour
 a - a +0 animal skin
 e - a +2 pair of gloves
 g - a +0 ring mail
 B - a +2 ring mail of poison resistance (worn)
Jewellery
 h - an amulet of magic regeneration
 o - a ring of positive energy
 q - the amulet of Existentialism {Faith rF- Str+4}
   (You found it on level 2 of the Dungeon)

   [amulet of faith]

   Faith:     It allows you to gain divine favour quickly.
   Str+4:     It affects your strength (+4).
   rF-:       It makes you vulnerable to fire.
 A - an amulet of reflection (around neck)
 G - a +6 ring of strength (left hand)
 H - an amulet of guardian spirit
Talismans
 c - a beast talisman
 d - a flux talisman
 D - a talisman of death
Wands
 r - a wand of polymorph (8)
 I - a wand of roots (8)
Scrolls
 i - 3 scrolls of identify
 m - 2 scrolls of poison
 t - 2 scrolls of teleportation
 w - 2 scrolls of enchant weapon
 x - a scroll of summoning {unknown}
 E - a scroll of fear
 F - a scroll of vulnerability {unknown}
Potions
 b - a potion of lignification
 f - a potion of mutation {unknown}
 j - 3 potions of heal wounds {unknown}
 k - a potion of attraction
 l - 2 potions of might {unknown}
 n - 2 potions of curing
 p - 4 potions of haste
 u - a potion of cancellation {unknown}
 v - a potion of invisibility {unknown}


   Skills:
 + Level 5.5 Fighting
 + Level 7.2 Dodging
 * Level 8.6 Unarmed Combat
 + Level 7.2 Shapeshifting


You had 8 spell levels left.
You didn't know any spells.
Your spell library contained the following spells:

 Spells                   Type           Power      Damage    Failure   Level
 Slow                     Hex            0%         N/A       56%         1
 Confusing Touch          Hex            0%         N/A       91%         3
 Sigil of Binding         Hex            0%         N/A       91%         3
 Vampiric Draining        Necr           0%         2d6       91%         3


Dungeon Overview and Level Annotations

Branches:
Dungeon (7/15)             Temple (0/1) D:5           Sewer (visited)

Altars:
Elyvilon
Zin
The Shining One

Portals:
Bailey: D:7

Annotations:
D:6 Joseph
D:7 Dowan


Innate Abilities, Weirdness & Mutations

You are a hulking beast.
Your limbs bulge with bestial killing power. (Slay +4)
((You are very nimble when in or above water. (Stealth+, EV+, Speed+++)))
Your lower body shifts to a powerful aquatic tail in water.


Message History

The shard of ice hits you!
You hit Dowan.
Dowan is almost dead.
Joseph shoots a sling bullet.
The sling bullet misses you.
The wight throws a stone.
You block the stone with an invisible shield... and reflect it back!
The stone hits the wight.
Dowan hits you with a +0 dagger.
You miss Dowan.
Dowan is almost dead.
Dowan mumbles some strange words.
Dowan blinks!
Joseph shoots a sling bullet.
The sling bullet hits you!!
* * * LOW HITPOINT WARNING * * *
Dowan gestures at you while chanting. The shard of ice misses you.
Joseph shoots a sling bullet.
The sling bullet closely misses you.
Dowan says, "How can I live without her?"
Dowan gestures wildly while chanting.
Dowan blinks!
Aiming: Polymorph
Press: ? - help, Shift-Dir - straight line, f - Joseph
Aim: Joseph, wielding a +0 sling and wearing a +0 leather armour (will become a blink frog, a centaur, or an ice beast, chance to affect: 31%) Joseph evaporates and reforms as a blink frog!
Dowan casts a spell.
Dowan blinks!
The wight throws a stone.
The stone hits you but does no damage.
You hear a slurping noise.
Joseph blinks!
Dowan gestures wildly while chanting.
Dowan blinks!
The wight throws a stone.
The stone hits you but does no damage.
There is a stone staircase leading up here.
The wight throws a stone.
The stone closely misses you.
Things that are here:
a +3 short sword of freezing; a +0 robe The wight throws a stone.
The stone misses you.
There is a stone staircase leading up here.
The wight throws a stone.
You block the stone with an invisible shield... and reflect it back!
The stone hits the wight but does no damage.
You climb upwards.
There is a stone staircase leading down, spattered with blood here.
You start resting.
You hear a slurping noise.
HP restored.
You climb downwards.
You hear the roar of battle.
There is an entrance to a bailey on this level.
Hurry and find it before the portal closes forever!
Level annotation: Dowan, Joseph You hear the quick creaking of a portcullis nearby.
Dowan gestures wildly while chanting.
Dowan blinks!
Joseph closely misses you. Joseph hits you but does no damage.
There is a stone staircase leading up here.
You punch Joseph!
Joseph is lightly wounded.
Joseph misses you.
The wight hits you from afar with a +1 antimagic halberd!
You feel your power leaking away. Joseph barely misses you.
Dowan gestures wildly while chanting.
Dowan blinks!
The wight hits you with a +4 morningstar of freezing.
You feel drained. The wight freezes you.
You hear a slurping noise.
Joseph hits you!
The wight hits you from afar with a +1 antimagic halberd!
* * * LOW HITPOINT WARNING * * *
You feel your power leaking away.
* * * LOW MAGIC WARNING * * *
You climb upwards.
There is a stone staircase leading down, spattered with blood here.
Unknown command.
You can't go up here!
You barely miss the wight.
The wight hits you with a +4 morningstar of freezing!
* * * LOW HITPOINT WARNING * * *
The wight freezes you.
* * * LOW HITPOINT WARNING * * *
Joseph hits you but does no damage.
You completely miss the wight. Joseph hits you but does no damage.
The wight hits you with a +4 morningstar of freezing!
* * * LOW HITPOINT WARNING * * *
The wight freezes you.
* * * LOW HITPOINT WARNING * * *
You hit the wight.
The wight is moderately damaged.
You block Joseph's attack.
The wight hits you with a +4 morningstar of freezing!
* * * LOW HITPOINT WARNING * * *
You feel drained.
* * * LOW HITPOINT WARNING * * *
The wight freezes you.
* * * LOW HITPOINT WARNING * * *
You hit the wight.
The wight is moderately damaged.
Joseph barely misses you. Joseph hits you.
* * * LOW HITPOINT WARNING * * *
The wight barely misses you.
Unknown command.
You hit the wight.
The wight is heavily damaged.
Joseph hits you!
You die...

.##.# #.#
#########.##.# .##.#
#.# #.##.# .##.##
#.##### ####.##.#
.##..# #.#...#
#........ .###.#
#.....# #.#####.# .#
#.# #.#...# #.# #.#
.# #.# #.##.## #.#
#.. .# #.# #z##.# #.#
#.# .# #.# #h##.#
#.#####.# .# #.#
##F##.# #.......# .#
#.# #...#.# #########
.###.## #####.....# #
)##...#####.........#
#
..).........######.##
# ###...####### #.# #
.....## #.# # .#####
###########.# #


You could see Joseph the blink frog and a wight.

Vanquished Creatures
  A gargoyle (D:6)
  2 black bears (D:6)
  A centaur (D:7)
  A phantom (D:6)
  Blork the orc (D:5)
  A bullfrog (D:6)
  2 scorpions
  2 wights (D:7)
  2 killer bees
  A howler monkey (D:7)
  2 hounds
  A jelly (Sewer)
  An orc priest (D:5)
  6 iguanas
  3 orc wizards
  Terence (D:3)
  2 sleepcaps
  7 gnolls (D:7)
  6 adders
  A river rat (Sewer)
  2 white imps
  A worm (D:5)
  A dart slug (D:5)
  22 orcs
  12 endoplasms
  5 giant cockroaches
  5 goblins
  13 hobgoblins
  6 jackals (D:1)
  7 quokkas
  13 ball pythons
  3 bats
  4 frilled lizards
  6 kobolds
  11 rats
155 creatures vanquished.

Vanquished Creatures (others)
  Duvessa (D:7)
  A bullfrog (D:6)
  A wight (D:7)
  4 jellies (D:7)
  An orc wizard (D:3)
  A shadow imp (D:7)
  A dart slug (D:5)
  A giant cockroach (Sewer)
  A frilled lizard (Sewer)
12 creatures vanquished.

Grand Total: 167 creatures vanquished

Notes
Turn   | Place    | Note
-------+----------+-------------------------------------------
     0 | D:1      | Firecrotchwizard the Merfolk Shapeshifter began the quest
                  | for the Orb.
     0 | D:1      | Reached XP level 1. HP: 15/15 MP: 1/1
   181 | D:1      | Reached XP level 2. HP: 21/21 MP: 2/2
   399 | D:1      | Reached XP level 3. HP: 25/26 MP: 3/3
  1108 | D:1      | Reached skill level 4 in Unarmed Combat
  1231 | D:2      | Identified the amulet of Existentialism {Faith rF- Str+4}
  1427 | D:2      | Reached XP level 4. HP: 33/33 MP: 4/4
  1884 | D:3      | Reached XP level 5. HP: 31/39 MP: 5/5
  1921 | D:3      | Identified the +5 trident "Yboidaq" {heavy, rN+ Int-3
                  | Dex+5}
  2053 | D:3      | Noticed Terence
  2057 | D:3      | Killed Terence
  2136 | D:3      | Found a glowing golden altar of the Shining One.
  2136 | D:3      | Found a white marble altar of Elyvilon.
  2136 | D:3      | Found a glowing silver altar of Zin.
  2274 | D:3      | Reached skill level 5 in Unarmed Combat
  2284 | D:3      | Identified the +3 sling of Exquisite Death {heavy, rPois
                  | rC- rN+}
  2589 | D:4      | Reached skill level 5 in Shapeshifting
  2667 | D:4      | Reached XP level 6. HP: 43/46 MP: 6/6
  3126 | D:5      | Entered Level 5 of the Dungeon
  3255 | D:5      | Found a glowing drain.
  3263 | Sewer    | Entered a sewer
  3449 | Sewer    | Found a viscous altar of Jiyva.
  3454 | Sewer    | Reached XP level 7. HP: 52/52 MP: 7/7
  3474 | Sewer    | Became a worshipper of Jiyva Jiril the Shapeless
  3581 | D:5      | Reached skill level 5 in Dodging
  3581 | D:5      | Reached skill level 6 in Unarmed Combat
  3684 | D:5      | Noticed Blork the orc
  3690 | D:5      | Killed Blork the orc
  3736 | D:5      | Found a staircase to the Ecumenical Temple.
  4183 | D:6      | Reached * piety under Jiyva
  4191 | D:6      | Reached XP level 8. HP: 59/60 MP: 8/8
  4208 | D:6      | Reached skill level 7 in Unarmed Combat
  4427 | D:6      | Noticed a gargoyle
  4441 | D:6      | Killed a gargoyle
  4442 | D:6      | Reached skill level 5 in Fighting
  4688 | D:6      | Reached ** piety under Jiyva
  4968 | D:6      | Reached skill level 8 in Unarmed Combat
  4993 | D:7      | Found a flagged portal.
  5032 | D:7      | Killed Duvessa
  5145 | D:7      | Noticed Joseph
  5330 | D:7      | Reached XP level 9. HP: 66/68 MP: 9/9
  5337 | D:7      | Noticed Dowan
  5353 | D:7      | Joseph changed into Joseph the blink frog
  5353 | D:7      | Noticed Joseph
  5390 | D:6      | HP: 2/64 [wight/+4 morningstar of freezing (4)]
  5392 | D:6      | Mangled by Joseph the blink frog

Illustrated notes

Levels and vault maps discovered:
D:1:      wheals_arrival_shading, layout_loops_corners, minmay_misc_feat_alley,
          serial_park_tiny_1
D:2:      layout_basic
D:3:      layout_loops_ring, dreamdust_divine_triumvirate, uniq_terence
D:4:      layout_basic
D:5:      layout_cave_pools, minmay_temple_entry_enclosed_plants,
          gup_sewer_entry_bubbles, minmay_tree_intersection, uniq_blork_the_orc
D:6:      layout_loops_ring
D:7:      layout_basic, chequers_temple_overflow_minitemple, serial_rivers,
          chequers_serial_rivers_micro_c, chequers_serial_rivers_large_a,
          chequers_serial_rivers_marsh, chequers_serial_rivers_micro_b,
          chequers_serial_rivers_micro_a, lightli_bailey_entry_fortress,
          uniq_joseph, uniq_duvessa

Skill      XL: |  1  2  3  4  5  6  7  8 |
---------------+-------------------------+-----
Dodging        | 3 4 5 7 |  7.2
Unarmed Combat | 4 5 6 8 |  8.6
Fighting       | 2 3 4 5 |  5.5
Shapeshifting  | 5 6 7 |  7.2

Action                     |  1- 3 |  4- 6 |  7- 9 || total
---------------------------+-------+-------+-------++-------
  Melee: Unarmed           |    99 |    17 |    88 ||   204
         Punch             |     1 |     3 |     4 ||     8
         Dagger            |       |    21 |       ||    21
         Trident           |       |    87 |    55 ||   142
         Tailslap          |       |     1 |     3 ||     4
  Evoke: Wand              |       |       |     1 ||     1
    Use: Scroll            |       |    13 |       ||    13
         Potion            |       |       |     3 ||     3
   Stab: Sleeping          |       |     1 |       ||     1
 Armour: Animal skin       |     9 |       |       ||     9
         Ring mail         |    59 |    55 |   110 ||   224
  Dodge: Dodged            |    54 |    76 |   118 ||   248
  Block: Other             |       |    11 |    30 ||    41
         Reflection        |       |       |     3 ||     3

Table legend: (Time is in decaauts)
 A = Elapsed time spent in this place.
 B = Non-inter-level travel time spent in this place.
 C = Inter-level travel time spent in this place.
 D = Time resting spent in this place.
 E = Time spent auto-exploring this place.
 F = Levels seen in this place.
 G = Mean time per level.
                   A        B        C        D        E       F      G
               +--------+--------+--------+--------+--------+-----+--------+
         Total |   5429 |   5100 |    329 |    544 |   3505 |   8 |  678.6 |
       Dungeon |   5145 |   4816 |    329 |    506 |   3364 |   7 |  735.0 |
         Sewer |    283 |    283 |      0 |     38 |    140 |   1 |  283.0 |
               +--------+--------+--------+--------+--------+-----+--------+

Top non-repeatable levels by time:
     D:1: 1198 daAuts
     D:6: 1076 daAuts
     D:3: 913 daAuts
     D:5: 721 daAuts
     D:4: 591 daAuts
     D:2: 456 daAuts
   Sewer: 283 daAuts
     D:7: 188 daAuts
